Map: Deathaura LE

Players

Ragnarok (SHIN)

  • Race: Zerg Zerg
  • Spawn Location: 11:00

Reynor - Winner!

  • Race: Zerg Zerg
  • Spawn Location: 5:00

Event: TSL 6

VOD

Have the link to the VOD?

Description

Time

  • Played on: Dec. 19, 2020, 10:20 a.m.
  • Length: 9:43

All games in this series

Show
View Real Time Build Order
Export as new Build Order

Ragnarok Zerg 

Build Orders: Hatch First 

Get SALT Encoding   

  12  0:00  Drone  
  13  0:12  Overlord  
  13  0:17  Drone  
  14  0:31  Drone x2  
  16  0:47  Hatchery  
  15  0:51  Drone  
  15  0:55  Drone  
  17  0:58  Drone  
  18  1:09  Extractor  
  17  1:13  Spawning Pool  
  17  1:16  Drone  
  17  1:19  Drone  
  18  1:29  Drone  
  19  1:39  Drone  
  20  1:51  Drone  
  21  2:00  Queen x2  
  25  2:01  Drone x2  
  27  2:11  Overlord, Metabolic Boost  
  27  2:13  Zergling x2  
  28  2:30  Drone  
  28  2:31  Drone  
  28  2:34  Drone  
  28  2:36  Hatchery, Drone  
  31  2:43  Queen  
  33  2:51  Baneling Nest  
  33  2:54  Overlord  
  33  2:56  Drone  
  33  2:58  Drone  
  33  3:01  Zergling x2  
  35  3:06  Drone  
  36  3:13  Drone x3  
  36  3:14  Drone  
  36  3:16  Zergling x2  
  41  3:20  Evolution Chamber  
  41  3:24  Drone x2  
  42  3:27  Drone x2  
  42  3:33  Overlord  
  44  3:37  Extractor  
  44  3:38  Lair  
  43  3:42  Drone  
  44  3:49  Drone x5  
  44  3:53  Zerg Melee Weapons Level 1  
  44  3:54  Drone  
  50  3:56  Extractor  
  50  3:58  Zergling x2, Extractor  
  50  4:01  Drone  
  50  4:02  Drone  
  51  4:04  Drone  
  51  4:05  Drone  
  53  4:10  Drone x3  
  53  4:14  Overlord  
  56  4:18  Drone x2  
  58  4:24  Overlord  
  58  4:26  Baneling x2  
  58  4:31  Overlord  
  58  4:33  Drone x6  
  64  4:41  Spire  
  64  4:44  Extractor, Drone  
  64  4:45  Extractor, Drone  
  63  4:48  Zergling x2  
  63  4:51  Drone x3  
  66  4:53  Drone  
  66  4:56  Drone x3  
  66  4:58  Drone  
  71  5:01  Drone x2  
  73  5:09  Overlord  
  73  5:10  Drone x4  
  77  5:14  Zergling x4  
  78  5:23  Overlord  
  78  5:27  Zergling x6  
  81  5:28  Hatchery  
  81  5:31  Overlord  
  80  5:35  Zergling x2  
  80  5:36  Zergling x8  
  80  5:42  Spine Crawler  
  84  5:47  Spine Crawler x2  
  83  5:53  Mutalisk x7  
  83  5:56  Mutalisk  
  99  5:59  Mutalisk  
  99  6:00  Mutalisk  
  99  6:03  Overlord  
  103  6:06  Mutalisk  
  103  6:10  Spine Crawler  
  102  6:12  Spine Crawler, Mutalisk  
  102  6:15  Mutalisk  
  102  6:17  Mutalisk  
  105  6:22  Mutalisk  
  105  6:23  Zergling x6  
  108  6:29  Mutalisk  
  108  6:32  Mutalisk  
  97  6:36  Zergling x2  
  97  6:37  Zergling x8  
  103  6:46  Spine Crawler  
  100  6:47  Spine Crawler  
  100  6:48  Mutalisk  
  100  6:49  Zergling x2  
  100  6:55  Mutalisk  
  100  6:56  Zergling x2  
  100  6:57  Zergling x2  
  100  7:01  Zerg Flyer Weapons Level 1  
  100  7:06  Overlord  
  100  7:12  Overlord x2  
  99  7:18  Overlord  
  94  7:23  Overlord  
  94  7:25  Mutalisk  
  94  7:27  Mutalisk  
  93  7:31  Mutalisk  
  95  7:37  Spine Crawler  
  95  7:41  Spine Crawler  
  95  7:42  Zergling x2  
  94  7:49  Spine Crawler  
  90  7:54  Mutalisk x2  
  82  7:59  Zergling x4  
  82  8:03  Mutalisk  
  81  8:07  Zergling x2  
  81  8:09  Zergling x2  
  81  8:12  Mutalisk  
  81  8:17  Mutalisk  
  85  8:21  Zergling x2  
  85  8:22  Zergling x2  
  85  8:27  Mutalisk  
  85  8:34  Mutalisk  
  85  8:39  Zergling x4  
  85  8:40  Zergling x2  
  86  8:47  Mutalisk  
  74  9:10  Mutalisk  
  40  9:28  Drone  
  40  9:29  Drone  
Show
View Real Time Build Order
Export as new Build Order

Reynor Zerg - Winner!

Build Orders: Hatch First, Roach Nydus 

Get SALT Encoding   

  12  0:00  Drone  
  13  0:12  Overlord  
  13  0:16  Drone  
  14  0:31  Drone x2  
  16  0:48  Hatchery  
  15  0:51  Drone  
  15  0:54  Drone  
  17  0:58  Drone  
  18  1:08  Extractor  
  17  1:13  Spawning Pool  
  17  1:15  Drone  
  17  1:19  Drone  
  18  1:27  Drone  
  19  1:38  Drone  
  20  1:49  Drone  
  21  2:00  Overlord, Queen x2  
  26  2:01  Zergling x2  
  26  2:11  Drone x2, Metabolic Boost  
  28  2:21  Drone x2  
  30  2:33  Hatchery  
  30  2:35  Drone  
  30  2:38  Drone  
  30  2:43  Zergling x2  
  32  2:44  Drone  
  33  2:55  Overlord  
  33  2:56  Baneling Nest, Drone  
  32  3:05  Drone x2  
  34  3:08  Drone  
  35  3:14  Drone x3  
  35  3:16  Overlord  
  35  3:18  Zergling x4  
  40  3:21  Queen  
  40  3:23  Zergling x2  
  43  3:28  Evolution Chamber  
  43  3:29  Drone  
  43  3:35  Drone  
  43  3:37  Drone  
  43  3:39  Drone  
  43  3:40  Drone x2  
  48  3:45  Overlord  
  48  3:46  Drone x3  
  51  3:52  Lair  
  51  3:54  Drone  
  52  3:57  Drone  
  52  3:58  Drone x2  
  52  4:01  Drone  
  56  4:06  Drone  
  56  4:07  Roach Warren  
  56  4:12  Drone  
  56  4:13  Extractor x2, Drone  
  56  4:19  Zerg Missile Weapons Level 1  
  56  4:20  Drone x2  
  58  4:24  Overlord  
  58  4:26  Drone x3  
  58  4:27  Drone x2  
  58  4:29  Drone  
  64  4:37  Drone  
  65  4:40  Extractor x2  
  65  4:41  Drone  
  65  4:43  Drone  
  65  4:44  Overlord  
  65  4:52  Glial Reconstitution  
  65  4:53  Roach x2  
  65  4:54  Roach x2  
  65  4:55  Overlord  
  65  4:57  Roach, Drone  
  74  5:01  Overlord  
  74  5:04  Roach x4  
  82  5:14  Overlord  
  82  5:15  Ravager  
  82  5:17  Roach x4  
  90  5:24  Overlord  
  90  5:25  Roach  
  90  5:27  Nydus Network  
  91  5:29  Roach  
  91  5:30  Roach  
  91  5:33  Drone  
  96  5:38  Roach x3  
  96  5:39  Roach x2  
  96  5:40  Overlord  
  106  5:45  Roach x3  
  106  5:47  Roach  
  114  5:51  Overlord  
  114  5:55  Baneling x2  
  114  5:58  Queen x2  
  118  6:04  Nydus Canal  
  118  6:06  Roach x2  
  118  6:07  Overlord  
  122  6:13  Drone x2  
  122  6:14  Roach x3  
  122  6:15  Roach  
  129  6:22  Roach, Spore Crawler x2  
  131  6:25  Roach  
  131  6:26  Roach  
  131  6:30  Nydus Canal  
  131  6:31  Queen  
  130  6:34  Roach x2  
  130  6:37  Queen  
  132  6:41  Roach x2  
  132  6:43  Roach  
  132  6:45  Roach  
  136  6:48  Roach  
  132  6:54  Roach  
  132  6:55  Roach x2  
  132  6:57  Spore Crawler x2  
  136  7:01  Overlord  
  136  7:02  Drone x2  
  136  7:04  Spore Crawler  
  136  7:06  Nydus Canal  
  137  7:10  Overlord  
  137  7:17  Overlord  
  137  7:24  Roach  
  137  7:25  Roach  
  137  7:26  Roach  
  137  7:28  Spore Crawler x2  
  137  7:29  Spore Crawler  
  124  7:31  Overlord x2  
  124  7:33  Evolution Chamber  
  124  7:35  Ravager x5  
  128  7:39  Ravager x2  
  128  7:40  Queen  
  128  7:42  Spore Crawler  
  131  7:48  Roach x3  
  131  7:51  Queen  
  135  7:57  Roach  
  135  7:58  Spore Crawler x2  
  128  8:02  Ravager x2  
  128  8:03  Roach  
  126  8:08  Roach x2  
  124  8:15  Drone x3  
  124  8:18  Spore Crawler  
  126  8:24  Overlord  
  126  8:25  Overlord  
  109  8:39  Overlord  
  109  8:40  Spore Crawler  
  105  8:47  Spore Crawler x3  
  102  8:49  Overlord  
  102  8:59  Spore Crawler  
  102  9:02  Drone  
  102  9:03  Drone x4  
  106  9:15  Drone x3  
  111  9:19  Drone x4  
  111  9:21  Drone  
  111  9:23  Drone  
Tags
 
Event
TSL 6
Matchup
ZvZ
Race
Zerg
Spawn Locations
Cross Positions
Strategy
Roach Nydus
Add a new tag
Caveats
  • Supply blocks, unpowered buildings, or Contaminate may cause inaccurate times.
  • Supply counts are checked every 10 seconds.